 Dungeon Crawl Stone Soup version 0.21.0-3-g78d12a8 (webtiles) character file.

105 Mgcat the Slasher (level 4, -2/38 HPs)
             Began as a Draconian Fighter on Jan 17, 2018.
             Slain by an orc (5 damage)
             ... on level 3 of the Dungeon.
             The game lasted 00:05:52 (1874 turns).

Mgcat the Slasher (Draconian Fighter)               Turns: 1874, Time: 00:05:53

Health: -2/38      AC:  5    Str: 23    XL:     4   Next: 53%
Magic:  4/4        EV: 10    Int:  8    God:
Gold:   190        SH:  9    Dex: 12    Spells: 3/3 levels left

rFire    . . .     SeeInvis .   j - +0 dagger (pain)
rCold    . . .     Gourm    .   b - +0 shield
rNeg     . . .     Faith    .   (armour unavailable)
rPois    .         Spirit   .   (helmet restricted)
rElec    .         Reflect  .   (no cloak)
rCorr    .         Harm     .   (no gloves)
MR       .....                  (no boots)
Stlth    +.........             (no amulet)
HPRegen  0.12/turn              (no ring)
MPRegen  0.09/turn              (no ring)

@: mighty
A: unfitting armour, cold-blooded, AC +5
a: no special abilities


You were on level 3 of the Dungeon.
You were not hungry.

You visited 1 branch of the dungeon, and saw 3 of its levels.

You collected 190 gold pieces.

Inventory:

Hand Weapons
 a - a +0 long sword
 j - a +0 dagger of pain (weapon)
Armour
 b - a +0 shield (worn)
Jewellery
 g - a cursed ring of teleportation {unknown}
Scrolls
 e - 2 scrolls of amnesia {unknown}
 h - a scroll of fog {unknown}
 i - a scroll of remove curse {unknown}
 k - a scroll of fear {unknown}
 m - a scroll of enchant armour {unknown}
 o - a scroll of magic mapping {unknown}
 q - a scroll of identify {unknown}
Potions
 f - a potion of lignification {unknown}
 l - a potion of curing {unknown}
 p - a potion of degeneration {unknown}
Comestibles
 d - 4 rations
 n - 5 chunks of flesh


   Skills:
 - Level 3.4 Fighting
 + Level 4.5 Long Blades
 - Level 2.8 Dodging
 - Level 3.1 Shields


You had 3 spell levels left.
You didn't know any spells.

Dungeon Overview and Level Annotations

Branches:
Dungeon (3/15)

Altars:
Kikubaaqudgha
Nemelex Xobeh


Innate Abilities, Weirdness & Mutations

Your plain brown scales are hard. (AC +5)
You cannot fit into any form of body armour.
You are cold-blooded and may be slowed by cold attacks.


Message History

The orc wizard is lightly wounded.
You block the bat's attack. x2; The bat hits you but does no damage.
You block the orc wizard's attack.
Unknown command.
You puncture the orc wizard!
Your tail-slap misses the orc wizard.
The orc wizard is heavily wounded.
The bat barely misses you. x2
Unknown command.
Unknown command.
You hit the orc wizard.
The orc wizard is severely wounded.
The bat hits you but does no damage. The orc wizard hits you with a dagger.
* * * LOW HITPOINT WARNING * * *
Unknown command.
Unknown command.
You hit the orc wizard. You tail-slap the orc wizard.
You kill the orc wizard!
You block the bat's attack. The orc hits you but does no damage.
The orc hits you.
You die...

...+ #.## #...####+###...
......# ......#.......
......# #......#......
......+
#..[...#.....#+##.....##
##....# #.....#..........
#<....###.....#..........
#..............!oob......
#>........).....@).......
#....#.........###.....##
.....##....#...........#
#....##....######.#....#
...#.......# #....#
#..####....# ....# +...
.....# ..... ##.. ....###
..... .........


You could see 2 orcs and a bat.

Vanquished Creatures
  2 orc wizards (D:3)
  2 adders (D:2)
  A worm (D:2)
  4 leopard geckos
  A ball python (D:3)
  A giant cockroach (D:2)
  2 hobgoblins
  4 jackals (D:2)
  4 kobolds
  2 bats
  A frilled lizard (D:1)
  3 goblins
  5 rats
32 creatures vanquished.

Vanquished Creatures (others)
  A human (D:2)
  5 toadstools (D:1)
6 creatures vanquished.

Grand Total: 38 creatures vanquished

Notes
Turn   | Place    | Note
-------+----------+-------------------------------------------
     0 | D:1      | Mgcat the Draconian Fighter began the quest for the Orb.
     0 | D:1      | Reached XP level 1. HP: 19/19 MP: 1/1
   212 | D:1      | Found a sparkling altar of Nemelex Xobeh.
   226 | D:1      | Reached XP level 2. HP: 26/26 MP: 2/2
   664 | D:2      | Noticed a phantom
  1023 | D:2      | Reached skill level 3 in Long Blades
  1026 | D:2      | Reached XP level 3. HP: 25/31 MP: 3/3
  1042 | D:2      | Found a faded altar of an unknown god.
  1697 | D:2      | Found an ancient bone altar of Kikubaaqudgha.
  1698 | D:2      | Noticed a human
  1703 | D:2      | Killed a human
  1870 | D:3      | Reached skill level 4 in Long Blades
  1870 | D:3      | Reached XP level 4. HP: 6/38 MP: 4/4
  1874 | D:3      | Slain by an orc

Skill      XL: |  1  2  3 |
---------------+----------+-----
Long Blades    | 3 4 |  4.5
Fighting       | |  3.4
Dodging        | |  2.8
Shields        | |  3.1

Action                   |  1- 3 |  4- 6 || total
-------------------------+-------+-------++-------
Melee: Long sword        |    93 |       ||    93
       Tailslap          |    20 |     1 ||    21
       Dagger            |    41 |     4 ||    45
  Use: Potion            |     1 |       ||     1
  Eat: Chunk             |     3 |       ||     3
Armor: Skin              |    28 |     2 ||    30
Dodge: Dodged            |    58 |     4 ||    62
Block: Shield            |    61 |     5 ||    66
       Rpst.: Long sword |    13 |       ||    13
